 Dungeon Crawl Stone Soup version bcrawl-1.21.2-1-g32d02e0829 (webtiles) character file.

Game seed: 5279906634180990998

443 Mrkan the Cudgeler (level 6, -1/56 HPs)
             Began as a Minotaur Monk on Feb 23, 2020.
             Was a Believer of Trog.
             Killed from afar by an orc wizard (9 damage)
             ... with a magic dart
             ... on level 5 of the Dungeon.
             The game lasted 00:05:09 (4818 turns).

Mrkan the Cudgeler (Minotaur Monk)                  Turns: 4818, Time: 00:05:09

Health: -1/56      AC:  2    Str: 18    XL:     6   Next: 71%
Magic:  0/6        EV: 14    Int:  7    God:    Trog [**....]
Gold:   263        SH:  4    Dex: 12    Spells: 5/5 levels left

rFire    . . .     SeeInvis .   a - +0 mace
rCold    . . .     Gourm    .   h - +0 buckler
rNeg     . . .     Faith    .   b - +0 robe
rPois    .         Spirit   +   c - +0 hat
rElec    .         Reflect  .   (no cloak)
rCorr    .         Harm     .   (no gloves)
MR       ++...                  (no boots)
Stlth    ++........             d - amulet of guardian spirit
HPRegen  1.18/turn              (no ring)
MPRegen  0.10/turn              (no ring)

@: berserk cooldown, regenerating, slowed, very slow
A: retaliatory headbutt, horns 2
a: Berserk, Trog's Hand, Renounce Religion


You were on level 5 of the Dungeon.
You worshipped Trog.
Trog was pleased with you.
You were near starving.

You visited 1 branch of the dungeon, and saw 5 of its levels.

You collected 263 gold pieces.

Inventory:

Hand Weapons
 a - a +0 mace (weapon)
Armour
 b - a +0 robe (worn)
 c - a +0 hat (worn)
 h - a +0 buckler (worn)
Jewellery
 d - an amulet of guardian spirit (around neck)
 g - an uncursed ring of protection from magic {unknown}
 k - an uncursed amulet of faith {unknown}
 m - an uncursed ring of protection from cold {unknown}
 t - a cursed -2 ring of evasion {unknown}
 y - an uncursed ring of wizardry {unknown}
Scrolls
 f - 9 scrolls of identify {unknown}
 j - 2 scrolls of fog {unknown}
 l - 4 scrolls of enchant weapon {unknown}
 o - 9 scrolls of teleportation {unknown}
 p - a scroll of remove curse {unknown}
 r - a scroll of amnesia {unknown}
 s - a scroll of enchant armour {unknown}
 v - 3 scrolls of immolation {unknown}
Potions
 i - a potion of brilliance {unknown}
 n - a potion of curing {unknown}
 q - a potion of ambrosia {unknown}
 u - a potion of invisibility {unknown}
 w - a potion of heal wounds {unknown}
 x - a potion of flight {unknown}
 z - a potion of agility {unknown}
Comestibles
 e - 7 rations {!d}


   Skills:
 + Level 5.0 Fighting
 * Level 6.1 Maces & Flails
 + Level 3.2 Armour
 + Level 4.5 Dodging
 - Level 1.7 Stealth
 + Level 2.8 Shields
   Level 2.0 Invocations


You had 5 spell levels left.
You didn't know any spells.
Your spell library was empty.

Dungeon Overview and Level Annotations

Branches:
Dungeon (5/12)
 Temple: D:4-7

Altars:
Ashenzari
Cheibriados
Fedhas
Trog
Uskayaw


Innate Abilities, Weirdness & Mutations

You reflexively headbutt those who attack you in melee.
You have a pair of horns on your head.


Message History

Things that are here:
3 chunks of flesh; an orc skeleton You see here a +0 leather armour.
The orc wizard gestures at you while chanting.
The magic dart hits you.
* * * LOW HITPOINT WARNING * * *
Found a stone staircase leading up.
You hit the orc wizard but do no damage.
Your headbutt misses the orc wizard.
The orc wizard is severely wounded.
The orc wizard closely misses you.
The orc wizard hits you with a cursed -1 dagger.
* * * LOW HITPOINT WARNING * * *
Okay, then.
Your skin crawls.
You feel resistant to hostile enchantments.
You are near starving!
The orc wizard points at you and mumbles some strange words.
The magic dart hits you!
You die...

#.#.#.#.............#
.......#...........#
.#.#.#..#...###....##
..........#.##.....#
#.#.#...#...##.##.....#
....)...o...#..# #.....
.#.#.####.#%##.# ####.
..... ##o[#..# ..#.
#@)##.## .
##.<.....##.##
.........#..<#
.......####..# ....=..
#.... ....... .......
................
.................
...#......##.


You could see an orc wizard.

Vanquished Creatures
  An ogre (D:4)
  A big kobold (D:4)
  2 scorpions (D:4)
  A hound (D:4)
  A worker ant (D:4)
  6 adders
  A shadow imp (D:4)
  3 worms
  2 dart slugs
  2 leopard geckos
  5 orcs
  A ball python (D:1)
  5 giant cockroaches
  5 goblins
  4 hobgoblins (D:1)
  10 jackals
  A quokka (D:1)
  6 bats (D:1)
  2 frilled lizards
  4 kobolds
  4 rats
67 creatures vanquished.

Notes
Turn   | Place    | Note
-------+----------+-------------------------------------------
     0 | D:1      | Mrkan the Minotaur Monk began the quest for the Orb.
     0 | D:1      | Reached XP level 1. HP: 19/19 MP: 1/1
    59 | D:1      | Reached XP level 2. HP: 21/27 MP: 2/2
    87 | D:1      | Reached skill level 4 in Maces & Flails
   178 | D:1      | Reached skill level 1 in Armour
   452 | D:1      | Reached XP level 3. HP: 31/33 MP: 3/3
  1189 | D:2      | Found a snail-covered altar of Cheibriados.
  1469 | D:2      | Found a bloodstained altar of Trog.
  1472 | D:2      | Became a worshipper of Trog the Wrathful
  1472 | D:2      | Reached * piety under Trog
  1472 | D:2      | Reached ** piety under Trog
  1856 | D:2      | Found a blossoming altar of Fedhas.
  2244 | D:3      | Reached skill level 1 in Shields
  2268 | D:3      | Reached XP level 4. HP: 33/40 MP: 4/4
  2421 | D:3      | Found a shattered altar of Ashenzari.
  2654 | D:3      | Found a hide-covered altar of Uskayaw.
  3347 | D:4      | Reached skill level 5 in Maces & Flails
  3347 | D:4      | Reached XP level 5. HP: 13/47 MP: 2/5
  4017 | D:4      | Noticed an ogre
  4025 | D:4      | Killed an ogre
  4025 | D:4      | Reached XP level 6. HP: 53/53 MP: 6/6
  4553 | D:4      | Reached skill level 6 in Maces & Flails
  4757 | D:5      | Entered Level 5 of the Dungeon
  4791 | D:5      | Reached skill level 5 in Fighting
  4818 | D:5      | Killed from afar by an orc wizard

Skill      XL: |  1  2  3  4  5  6 |
---------------+-------------------+-----
Maces & Flails | 4 5 6 |  6.1
Armour         | 1 2 3 |  3.2
Fighting       | 4 5 |  5.0
Shields        | 1 2 |  2.8
Dodging        | 4 |  4.5
Stealth        | |  1.7
Invocations    | |  2.0

Action                   |  1- 3 |  4- 6 || total
-------------------------+-------+-------++-------
Melee: Mace              |   103 |    94 ||   197
       Headbutt          |    10 |    13 ||    23
Invok: Berserk           |       |     2 ||     2
       Trog's Hand       |       |     2 ||     2
 Stab: Sleeping          |     2 |       ||     2
  Eat: Chunk             |     4 |     9 ||    13
Armor: Robe              |    22 |     9 ||    31
Dodge: Dodged            |    81 |    55 ||   136
Block: Buckler           |    15 |    27 ||    42
